 Dungeon Crawl Stone Soup version 0.30-b1-2-g02819fbbbe (webtiles) character file.

Game seed: 5029465328312173900

9 Alarkh the Charlatan (level 2, 22/22 HPs)
             Began as a Demonspawn Artificer on July 11, 2023.
             Got out of the dungeon alive.
             The game lasted 00:00:26 (393 turns).

Alarkh the Charlatan (Demonspawn Artificer)          Turns: 393, Time: 00:00:26

Health: 22/22      AC:  3    Str: 12    XL:     2   Next: 6%
Magic:  2/2        EV: 11    Int: 12    God:
Gold:   7          SH:  0    Dex: 13    Spells: 1/1 levels left

rFire   . . .        i - +0 sling
rCold   . . .        (no shield)
rNeg    . . .        b - +0 leather armour
rPois   .            (no helmet)
rElec   .            (no cloak)
rCorr   .            (no gloves)
SInv    .            (no boots)
Will    .....        (no amulet)
Stlth   +            (no ring)
HPRegen 0.23/turn    (no ring)
MPRegen 0.16/turn

%: no passive effects
@: no status effects
A: magic regeneration
a: no special abilities


You escaped.
You visited 1 branch of the dungeon, and saw 1 of its levels.

You collected 7 gold pieces.

Inventory:

Hand Weapons
 a - a +0 club
 i - a +0 sling (weapon)
Missiles
 f - 2 poisoned darts
Armour
 b - a +0 leather armour (worn)
Wands
 c - a wand of flame (15)
 d - a wand of charming (15)
 e - a wand of iceblast (5)
Scrolls
 g - a scroll of fog {unknown}
 h - a scroll of amnesia {unknown}
Potions
 j - a potion of curing {unknown}
 k - a potion of degeneration {unknown}


   Skills:
 + Level 2.1 Fighting
 - Level 1.7 Armour
 - Level 0.8 Dodging
 - Level 0.8 Stealth
 - Level 3.0 Evocations


You had one spell level left.
You didn't know any spells.
Your spell library was empty.

Dungeon Overview and Level Annotations

Branches:
Dungeon (1/15)

Altars:


Innate Abilities, Weirdness & Mutations

You regenerate magic rapidly.


Message History

The hobgoblin is almost dead.
The hobgoblin hits you.
You are too injured to fight recklessly!
You are too injured to fight recklessly!
You closely miss the hobgoblin.
The hobgoblin is almost dead.
The hobgoblin hits you. x2
* * * LOW HITPOINT WARNING * * *
You hit the hobgoblin.
You kill the hobgoblin!
Your Fighting skill increases to level 2!
You see here a +0 sling.
i - a +0 sling
i - a +0 sling (weapon)
j - a sedimented clear potion
k - a clear potion A kobold comes into view.
It is wielding a +1 dagger of holy wrath.
You shoot a sling bullet. The sling bullet hits the kobold!
You kill the kobold!
You have reached level 2!
Your demonic ancestry asserts itself...
Your magic begins to regenerate rapidly.
You see here a +0 dagger.
You see here a +0 dagger.
There is an open door here.
There is a stone staircase leading down here.
A ball python comes into view.
Found a clear potion.
You shoot a sling bullet.
The sling bullet completely misses the ball python.
You shoot a sling bullet.
The sling bullet closely misses the ball python.
You shoot a sling bullet. The sling bullet hits the ball python.
You kill the ball python!
No target in view!
No target in view!
Unknown command.
There is a staircase leading out of the dungeon here.
Are you sure you want to leave the Dungeon?
This will make you lose the game!
You have escaped!

#######.## #.....# ####
#........# #.#...#..PP.
#.#####..# #.#.).#.PPPP
#.# ##..####.#.#.#PP..♣
#.####...##.....#.#.....
..........#.###...#PP..P
#.###...).....#...#....P
#.###.#..##.#.#...#.PP..
#.>.........#.#.@.#P..PP
#######.##### #...#PPP.P
#.. #...#.♣P.♣ ...#
#...#♣..P♣ ...(.
#.#.#♣♣.P♣ ...... #.#.#♣
.P. ....... #...# PP
..!..... ....#


There were no monsters in sight!

Vanquished Creatures
  An endoplasm (D:1)
  A goblin (D:1)
  3 hobgoblins (D:1)
  A kobold (D:1)
  A ball python (D:1)
  A rat (D:1)
8 creatures vanquished.

Notes
Turn   | Place    | Note
-------+----------+-------------------------------------------
     0 | D:1      | Alarkh the Demonspawn Artificer began the quest for the
                  | Orb.
     0 | D:1      | Reached XP level 1. HP: 15/15 MP: 1/1
   310 | D:1      | Gained mutation: You regenerate magic rapidly. [demonic
                  | ancestry]
   310 | D:1      | Reached XP level 2. HP: 22/22 MP: 2/2
   393 | D:$      | Got out of the dungeon alive.

Illustrated notes

Levels and vault maps discovered:
D:1:      minmay_arrival_arboretum_small, layout_loops_corners,
          minmay_misc_feat_hallway

Skill      XL: |  1 |
---------------+----+-----
Fighting       | 2 |  2.1
Armour         | |  1.7
Dodging        | |  0.8
Stealth        | |  0.8
Evocations     | |  3.0

Action                     || total
---------------------------++-------
  Melee: Club              ||    38
   Fire: Sling             ||     4
 Armour: Leather armour    ||     8
  Dodge: Dodged            ||    21
